 Dungeon Crawl Stone Soup version 0.29.1-15-g9cfb28693d (webtiles) character file.

Game seed: 4114748950875561271

380 112233 the Magician (level 6, -3/35 (41) HPs)
             Began as a Demonspawn Hedge Wizard on Feb 22, 2023.
             Slain by a gnoll
             ... wielding a +1 flail of draining
              (7 damage)
             ... on level 5 of the Dungeon on Feb 23, 2023.
             The game lasted 00:04:38 (5049 turns).

112233 the Magician (Demonspawn Hedge Wizard)       Turns: 5049, Time: 00:04:39

HP:   -3/35 (41)    AC:  3    Str: 11    XL:     6   Next: 46%
MP:   6/15          EV: 12    Int: 17    God:
Gold: 140           SH:  0    Dex: 12    Spells: 12/18 levels left

rFire   . . .      SeeInvis .   a - +0 dagger
rCold   . . .      Faith    .   (no shield)
rNeg    . . .      Spirit   .   b - +0 robe
rPois   .          Reflect  .   c - +0 hat
rElec   .          Harm     .   (no cloak)
rCorr   .          Rampage  .   p - +0 pair of gloves
Will    .....                   (no boots)
Stlth   ++........              (no amulet)
HPRegen 0.11/turn               (no ring)
MPRegen 0.14/turn               (no ring)

@: very slightly contaminated, heavily drained
A: antennae 1, powered by death 2, spiny 2
a: no special abilities


You were on level 5 of the Dungeon.
You visited 1 branch of the dungeon, and saw 5 of its levels.

You collected 140 gold pieces.

Inventory:

Hand Weapons
 a - a +0 dagger (weapon)
Armour
 b - a +0 robe (worn)
 c - a +0 hat (worn)
 p - a +0 pair of gloves (worn)
Magical Staves
 s - a staff of fire
Jewellery
 j - an amulet of guardian spirit
Scrolls
 e - a scroll of blinking {unknown}
 f - a scroll of magic mapping {unknown}
 g - 4 scrolls of identify {unknown}
 h - a scroll of brand weapon {unknown}
 l - a scroll of immolation {unknown}
 m - 2 scrolls of noise {unknown}
 q - 2 scrolls of fog {unknown}
 r - a scroll of enchant weapon {unknown}
Potions
 d - a potion of magic
 i - a potion of haste {unknown}
 k - 2 potions of curing {unknown}
 n - a potion of might {unknown}
 o - a potion of flight {unknown}


   Skills:
 - Level 1.7 Dodging
 - Level 1.7 Stealth
 + Level 6.8 Spellcasting
 - Level 1.0 Conjurations
 - Level 1.0 Summonings
 - Level 0.8 Translocations


You had 12 spell levels left.
You knew the following spells:

 Your Spells              Type           Power      Damage    Failure   Level
a - Magic Dart            Conj           36%        1d4       8%          1
b - Call Imp              Summ           9%         N/A       12%         2
c - Blink                 Tloc           16%        N/A       13%         2
d - Sandblast             Erth           10%        2d5       12%         1

Your spell library contained the following spells:

 Spells                   Type           Power      Damage    Failure   Level
 Slow                     Hex            20%        N/A       12%         1
 Passwall                 Tmut/Erth      4%         N/A       19%         2
 Conjure Flame            Conj/Fire      7%         6-21      28%         3
 Stone Arrow              Conj/Erth      14%        3d7       28%         3
 Mephitic Cloud           Conj/Pois/Air  6%         N/A       30%         3


Dungeon Overview and Level Annotations

Branches:
Dungeon (5/15)
 Temple: D:4-7

Altars:

Shops:
D:2 [   D:3 !


Innate Abilities, Weirdness & Mutations

You have a pair of small antennae on your head.
You regenerate health from kills.
You are mostly covered in sharp spines.


Message History

Aiming: Magic Dart (safe; 8% risk of failure)
Press: ? - help, Shift-Dir - straight line, f/p - gnoll
Aim: a gnoll, wielding a +1 flail of draining (moderately wounded, 100% to hit)
The magic dart hits the gnoll.
The gnoll is moderately wounded.
Unknown command.
Unknown command.
Casting: Magic Dart (safe; 8% risk of failure)
Confirm with . or Enter, or press ? or * to list all spells.
You miscast Call Imp.
Nothing appears to happen.
The gnoll barely misses you.
A gnoll comes into view. It is wielding a +0 spear.
The gnoll attacks as you move away!
The gnoll hits you with a +1 flail of draining!
You feel drained.
A gnoll comes into view. It is wielding a +0 spear.
The gnoll shouts!
There is a stone staircase leading down here.
The gnoll hits you with a +1 flail of draining!
You feel drained.
You climb downwards.
Found a scroll labelled VAOGRE MULUOPLUO.
There is a stone staircase leading up here.
Unknown command.
Unknown command.
Casting: Call Imp (safe; 12% risk of failure)
Confirm with . or Enter, or press ? or * to list all spells.
A beastly little devil appears in a puff of flame.
The gnoll is struck by your spines.
The gnoll hits you with a +1 flail of draining.
You feel drained. The gnoll is struck by your spines.
The gnoll hits you with a +1 flail of draining!
* * * LOW HITPOINT WARNING * * *
You feel drained.
* * * LOW HITPOINT WARNING * * *
Your crimson imp blinks!
Unknown command.
The gnoll attacks as you move away!
The gnoll hits you with a +1 flail of draining!
You die...

#### ...## #5..
#.. #.# #@#
........g...s..
...##.#.#......
#.?..#...... #.
..# .....
#....# ..... #
...# .... ....#
....


You could see a scorpion, a gnoll (ally target) and a friendly crimson imp
(summoned).

Vanquished Creatures
  A phantom (D:4)
  A scorpion (D:4)
  A hound (D:3)
  3 adders (D:2)
  An ufetubus (D:4)
  2 worms (D:3)
  7 dart slugs
  3 ball pythons
  7 endoplasms
  5 goblins
  12 hobgoblins
  5 jackals
  10 kobolds
  5 quokkas
  9 bats
  A frilled lizard (D:1)
  7 rats
80 creatures vanquished.

Vanquished Creatures (collateral kills)
  A phantom (D:4)
  A worm (D:2)
  A dart slug (D:1)
3 creatures vanquished.

Grand Total: 83 creatures vanquished

Notes
Turn   | Place    | Note
-------+----------+-------------------------------------------
     0 | D:1      | 112233 the Demonspawn Hedge Wizard began the quest for the
                  | Orb.
     0 | D:1      | Reached XP level 1. HP: 13/13 MP: 4/4
   217 | D:1      | Gained mutation: You are partially covered in sharp spines.
                  | [demonic ancestry]
   217 | D:1      | Reached XP level 2. HP: 9/19 MP: 1/6
   740 | D:1      | Reached skill level 4 in Spellcasting
   792 | D:1      | Gained mutation: You regenerate a little health from kills.
                  | [demonic ancestry]
   792 | D:1      | Reached XP level 3. HP: 14/24 MP: 1/8
  1063 | D:1      | Learned a level 1 spell: Sandblast
  1066 | D:1      | Learned a level 2 spell: Blink
  1069 | D:1      | Learned a level 2 spell: Call Imp
  1476 | D:1      | Found a faded altar of an unknown god.
  1873 | D:2      | Found Oger's Antique Armour Shoppe.
  2191 | D:2      | Gained mutation: You are mostly covered in sharp spines.
                  | [demonic ancestry]
  2191 | D:2      | Reached XP level 4. HP: 30/30 MP: 4/10
  2716 | D:2      | Reached skill level 5 in Spellcasting
  3942 | D:3      | Found Himykob's Distillery.
  4405 | D:4      | Noticed a phantom
  4418 | D:4      | Killed a phantom
  4419 | D:4      | Gained mutation: You regenerate health from kills. [demonic
                  | ancestry]
  4419 | D:4      | Reached XP level 5. HP: 26/35 MP: 0/13
  4449 | D:3      | Reached skill level 6 in Spellcasting
  4638 | D:4      | Gained mutation: You have a pair of small antennae on your
                  | head. [demonic ancestry]
  4638 | D:4      | Reached XP level 6. HP: 9/41 MP: 1/15
  5046 | D:5      | Entered Level 5 of the Dungeon
  5049 | D:5      | Slain by a gnoll

Illustrated notes

Levels and vault maps discovered:
D:1:      erik_arrival_cave_to_civilisation [erik_arrival_cave_to_hall],
          layout_basic, ebering_ecumenical_altar_webs
D:2:      layout_rooms, serial_shops, shop
D:3:      layout_basic, serial_shops, shop_fountains
D:4:      layout_basic, nicolae_elyvilon_peaceful_grove,
          mainiacjoe_overflow_chevrons, gup_sewer_entry_glass, serial_shops,
          shop_fountains, nicolae_shop_vocational
D:5:      layout_basic, kennysheep_mini, kennysheep_potato, uniq_menkaure

Skill      XL: |  1  2  3  4  5 |
---------------+----------------+-----
Spellcasting   | 4 5 6 |  6.8
Dodging        | |  1.7
Stealth        | |  1.7
Conjurations   | |  1.0
Summonings     | |  1.0
Translocations | |  0.8

Action                   |  1- 3 |  4- 6 || total
-------------------------+-------+-------++-------
Melee: Dagger            |    26 |    17 ||    43
       Punch             |     2 |     1 ||     3
 Cast: Magic Dart        |   103 |   146 ||   249
       Call Imp          |     2 |     6 ||     8
Armor: Robe              |     8 |     7 ||    15
Dodge: Dodged            |    15 |    40 ||    55
